 Dungeon Crawl Stone Soup version 0.18.1-8-gdd0e5ea (webtiles) character file.

64 Gagarin the Charmwright (level 4, 0/51 HPs)
             Began as a Merfolk Skald on June 1, 2016.
             Slain by a white imp (3 damage)
             ... summoned by Natasha
             ... on level 2 of the Dungeon.
             The game lasted 00:05:59 (1650 turns).

Gagarin the Charmwright (Merfolk Skald)             Turns: 1650, Time: 00:05:59

Health: 0/51       AC: 22    Str: 12    XL:     4   Next: 12%
Magic:  7/7        EV:  2    Int: 12    God:
Gold:   86         SH:  0    Dex: 13    Spells: 2 memorised, 5 levels left

rFire  . . .     SeeInvis .     a - +0 spear
rCold  . . .     Gourm    .     (armour currently unavailable)
rNeg   + + +     Faith    .     (no shield)
rPois  +         Spirit   .     (helmet currently unavailable)
rElec  .         Dismiss  .     (cloak currently unavailable)
rCorr  .         Reflect  .     (gloves currently unavailable)
SustAt +         Harm     .     (boots currently unavailable)
MR     .....     NoTele   +     (no amulet)
Stlth  +.........               (no ring)
                                q - ring of sustain attributes

@: tree-form, not resistant to hostile enchantments, very unstealthy
A: (change form in water), (swift swim)
a: no special abilities


You were on level 2 of the Dungeon.
You were not hungry.
You were a tree.
You visited 1 branch of the dungeon, and saw 2 of its levels.

You collected 86 gold pieces.

Inventory:

Hand Weapons
 a - a +0 spear (weapon)
Armour
 b - a +0 leather armour (melded)
 f - a +0 robe of cold resistance
 o - a +0 pair of boots (melded)
Jewellery
 q - a ring of sustain attributes (left branch)
 s - an uncursed ring of wizardry {unknown}
Scrolls
 e - a scroll of enchant weapon {unknown}
 g - a scroll of immolation {unknown}
 i - a scroll of teleportation {unknown}
 m - 2 scrolls of identify
 t - 2 scrolls of fear
Potions
 l - a potion of mutation
 p - a potion of ambrosia
Books
 c - a book of Battle

   Spells                             Type                      Level
   a - Infusion                       Charms                       1
   b - Shroud of Golubria             Charms/Translocation         2
   c - Song of Slaying                Charms                       2
   d - Spectral Weapon                Hexes/Charms                 3
   e - Regeneration                   Charms/Necromancy            3
Comestibles
 d - 3 bread rations
 h - 6 chunks of flesh
 k - a meat ration
 n - a slice of pizza


   Skills:
 + Level 2.6 Fighting
 + Level 3.4 Polearms
 + Level 1.1 Armour
 + Level 2.3 Dodging
 + Level 0.2 Stealth
 + Level 2.5 Spellcasting
 + Level 3.8 Charms


You had 5 spell levels left.
You knew the following spells:

 Your Spells              Type           Power        Failure   Level  Hunger
a - Infusion              Chrm           ##..         8%          1    #......
b - Song of Slaying       Chrm           ##......     12%         2    ###....


Dungeon Overview and Level Annotations

Branches:
Dungeon (2/15)

Altars:

Annotations:
D:2 Natasha


Message History

The white imp hits you but does no damage.
The adder barely misses you.
The shadow imp hits you but does no damage.
You barely miss the adder.
The adder is heavily wounded.
The adder bites you but does no damage. The white imp gestures at you.
The puff of frost hits you!
The shadow imp hits you but does no damage.
You hit the adder but do no damage.
The adder is heavily wounded.
The white imp disappears in a puff of smoke!
The adder bites you but does no damage. The white imp barely misses you.
The shadow imp hits you but does no damage.
You barely miss the adder.
The adder is heavily wounded.
The adder bites you.
* * * LOW HITPOINT WARNING * * *
The white imp hits you.
You die...

#...........#####+####
#....>......#####.#
#...........##..).#######+#####
#...........+....5.............
#...........##.######'#......#
#...........##.##..........!.#
#.............h##............#
#............S5##......).....##
########....§5♣##..............
#.......##.......#'##...
+.......##.......#.##...
#.......######+###.##..#
###.....# #.# #.##..# #...#.#
#.# #5##...
#...#'######'###.##...
#....(.........h.##%..
+..................''..5


You could see Natasha, an adder, a white imp and a shadow imp.

Vanquished Creatures
  Jessica (D:1)
  An adder (D:2)
  A dart slug (D:1)
  2 giant geckos (D:1)
  3 giant cockroaches
  2 goblins
  2 hobgoblins
  A kobold (D:1)
  A quokka (D:2)
  3 bats (D:1)
  2 giant newts
  7 rats
26 creatures vanquished.

Notes
Turn   | Place    | Note
--------------------------------------------------------------
     0 | D:1      | Gagarin the Merfolk Skald began the quest for the Orb.
     0 | D:1      | Reached XP level 1. HP: 16/16 MP: 3/3
   424 | D:1      | Reached XP level 2. HP: 21/23 MP: 5/5
   732 | D:1      | Learned a level 2 spell: Song of Slaying
  1134 | D:2      | Noticed Jessica
  1136 | D:2      | Noticed Natasha
  1145 | D:1      | Killed Jessica
  1145 | D:1      | Reached skill level 1 in Armour
  1145 | D:1      | Reached XP level 3. HP: 9/28 MP: 6/6
  1441 | D:2      | Reached XP level 4. HP: 22/34 MP: 5/7
  1650 | D:2      | Slain by a white imp

Skill      XL: |  1  2 |
---------------+-------+-----
Armour         | 1 |  1.1
Dodging        | 2 |  2.3
Fighting       | |  2.6
Polearms       | |  3.4
Stealth        | |  0.2
Spellcasting   | |  2.5
Charms         | |  3.8

Action                   |  1- 3 |  4- 6 || total
-------------------------+-------+-------++-------
Melee: Spear             |    94 |    33 ||   127
 Cast: Song of Slaying   |     2 |       ||     2
       Infusion          |     1 |       ||     1
  Use: Potion            |     1 |     2 ||     3
       Scroll            |     4 |     1 ||     5
  Eat: Chunk             |     2 |     1 ||     3
Armor: Leather armour    |    27 |     8 ||    35
       Skin              |       |    14 ||    14
Dodge: Dodged            |    53 |    18 ||    71
